 Dungeon Crawl Stone Soup version 0.26-a0-540-g8a0c9464d7 (webtiles) character file.

Game seed: 16647987219489583440

3 vurker the Sneak (level 1, -1/18 HPs)
             Began as a Formicid Delver on Aug 24, 2020.
             Slain by a quokka (3 damage)
             ... on level 4 of the Dungeon.
             The game lasted 00:00:19 (87 turns).

vurker the Sneak (Formicid Delver)                    Turns: 87, Time: 00:00:20

Health: -1/18      AC:  3    Str: 16    XL:     1   Next: 55%
Magic:  1/1        EV: 12    Int:  9    God:
Gold:   23         SH:  0    Dex: 12    Spells: 0/0 levels left

rFire    . . .     SeeInvis +   a - +0 hand axe
rCold    . . .     Faith    .   (no shield)
rNeg     . . .     Spirit   .   b - +0 leather armour
rPois    .         Reflect  .   (helmet unavailable)
rElec    .         Harm     .   (no cloak)
rCorr    .                      (no gloves)
MR       .....                  (no boots)
Stlth    +++.......             (no amulet)
HPRegen  0.06/turn              (no ring)
MPRegen  0.07/turn              (no ring)

@: no status effects
A: permanent stasis, dig shafts and tunnels, four strong arms, antennae 3
a: Dig, Shaft Self


You were on level 4 of the Dungeon.
You visited 1 branch of the dungeon, and saw 2 of its levels.

You collected 23 gold pieces.

Inventory:

Hand Weapons
 a - a +0 hand axe (weapon)
Armour
 b - a +0 leather armour (worn)
Wands
 v - a wand of digging (3)
Scrolls
 c - a scroll of fog
 d - a scroll of magic mapping
 e - a scroll of fear
 f - a scroll of remove curse {unknown}


   Skills:
 + Level 3.3 Fighting
 * Level 2.2 Axes
 - Level 1.7 Dodging
 - Level 6.0 Stealth


You couldn't memorise any spells.
You didn't know any spells.
Your spell library was empty.

Dungeon Overview and Level Annotations

Branches:
Dungeon (5/15)
 Temple: D:4-7

Altars:


Innate Abilities, Weirdness & Mutations

You cannot be hasted, slowed, berserked, paralysed or teleported.
You can dig through walls and to a lower floor.
Your four strong arms can wield two-handed weapons with a shield.
You have a pair of large antennae on your head. (SInv)


Message History

You sense a monster nearby.
You sense a monster nearby.
You see here 21 stones.
f - a scroll labeled WYEDWANKUZ An orc comes into view.
It is wielding a +0 flail.
A quokka skeleton comes into view.
The orc barely misses you.
You hit the orc. The orc closely misses you.
You slash the orc!
You kill the orc!
The helpless quokka skeleton fails to defend itself.
You hit the quokka skeleton. The quokka skeleton barely misses you.
The quokka skeleton misses you.
You slash the quokka skeleton!
You destroy the quokka skeleton!
No target in view!
No target in view!
No target in view!
No target in view!
No target in view!
No target in view!
No target in view!
A quokka comes into view.
Things that are here:
a +0 flail; a +0 leather armour; an orc corpse You miss the quokka.
The quokka bites you but does no damage.
The quokka misses you.
You closely miss the quokka. The quokka barely misses you.
You barely miss the quokka. The quokka completely misses you.
You barely miss the quokka. The quokka bites you. x2
You closely miss the quokka. The quokka bites you.
You miss the quokka. The quokka closely misses you.
The quokka twitches its whiskers.
The quokka bites you.
* * * LOW HITPOINT WARNING * * *
You hit the quokka. The quokka misses you.
You closely miss the quokka. The quokka bites you.
* * * LOW HITPOINT WARNING * * *
The quokka barely misses you.
You miss the quokka. The quokka closely misses you.
You barely miss the quokka. The quokka bites you.
* * * LOW HITPOINT WARNING * * *
The quokka bites you.
* * * LOW HITPOINT WARNING * * *
You closely miss the quokka. The quokka closely misses you.
You barely miss the quokka. The quokka barely misses you. x2
You hit the quokka but do no damage. The quokka barely misses you.
You hit the quokka. The quokka bites you.
You die...

##.#.#.###
#..#.#....
##.##.#...#
#(.##...#...
#.##..# ###
#.##..#
#...).#
####..##.#
#....###@#
#.#.## #r#
#.#.# #.#
..#.# #..
#.##.# ##.
.. ..# .#
... ... .#
... ..# .#


You could see a quokka.

Vanquished Creatures
  An orc (D:4)
  2 quokka skeletons (D:4)
3 creatures vanquished.

Notes
Turn   | Place    | Note
-------+----------+-------------------------------------------
     0 | D:5      | vurker the Formicid Delver began the quest for the Orb.
     0 | D:5      | Reached XP level 1. HP: 18/18 MP: 1/1
    87 | D:4      | Slain by a quokka

Illustrated notes

Levels and vault maps discovered:
D:4:      layout_rooms, item_on_display_b
D:5:      layout_layer_cave, serial_rivers, chequers_serial_rivers_room_b,
          chequers_serial_rivers_micro_d, chequers_serial_rivers_micro_e,
          chequers_serial_rivers_marsh, chequers_serial_rivers_marsh, uniq_pikel

Action                   || total
-------------------------++-------
Melee: Hand axe          ||    20
 Stab: Sleeping          ||     1
Armor: Leather armour    ||     1
Dodge: Dodged            ||    17

Table legend: (Time is in decaauts)
 A = Elapsed time spent in this place.
 B = Non-inter-level travel time spent in this place.
 C = Inter-level travel time spent in this place.
 D = Time resting spent in this place.
 E = Time spent auto-exploring this place.
 F = Levels seen in this place.
 G = Mean time per level.
                   A        B        C        D        E       F      G
               +--------+--------+--------+--------+--------+-----+--------+
         Total |     90 |     90 |      0 |      0 |     43 |   2 |   45.0 |
       Dungeon |     90 |     90 |      0 |      0 |     43 |   2 |   45.0 |
               +--------+--------+--------+--------+--------+-----+--------+

Top non-repeatable levels by time:
     D:4: 83 daAuts
     D:5: 7 daAuts
